 Dungeon Crawl Stone Soup version 0.22-a0-603-gfc1114d (webtiles) character file.

1204 gmonis the Basher (level 8, -1/102 HPs)
             Began as a Minotaur Berserker on July 6, 2018.
             Was a Priest of Trog.
             Slain by a sky beast (6 damage)
             ... on level 7 of the Dungeon on July 7, 2018.
             The game lasted 00:07:41 (6056 turns).

gmonis the Basher (Minotaur Berserker)              Turns: 6056, Time: 00:07:43

Health: -1/102     AC:  3    Str: 31    XL:     8   Next: 21%
Magic:  7/7        EV: 18    Int:  4    God:    Trog [***...]
Gold:   346        SH:  5    Dex: 12    Spells: 7/7 levels left

rFire    . . .     SeeInvis .   a - +0 mace
rCold    . . .     Gourm    .   B - +0 buckler
rNeg     . . .     Faith    .   b - +0 animal skin
rPois    .         Spirit   .   (helmet restricted)
rElec    .         Reflect  .   w - +0 cloak
rCorr    .         Harm     .   (no gloves)
MR       .....                  (no boots)
Stlth    ..........             (no amulet)
HPRegen  0.27/turn              p - +4 ring of strength
MPRegen  0.10/turn              v - +4 ring of evasion

@: berserking, very quick
A: retaliatory headbutt, horns 2
a: Berserk, Trog's Hand, Renounce Religion


You were on level 7 of the Dungeon.
You worshipped Trog.
Trog was most pleased with you.
You were not hungry.

You visited 2 branches of the dungeon, and saw 8 of its levels.

You collected 346 gold pieces.

Inventory:

Hand Weapons
 a - a +0 mace (weapon)
Missiles
 d - 229 stones (quivered)
Armour
 b - a +0 animal skin (worn)
 w - a +0 cloak (worn)
 B - a +0 buckler (worn)
Jewellery
 p - a +4 ring of strength (left hand)
 q - an uncursed ring of flight
 v - a +4 ring of evasion (right hand)
 A - a cursed -2 ring of intelligence {unknown}
Scrolls
 e - a scroll of magic mapping {unknown}
 j - 5 scrolls of teleportation {unknown}
 k - 2 scrolls of blinking {unknown}
 m - 2 scrolls of noise {unknown}
 n - a scroll of amnesia {unknown}
 t - a scroll of fog {unknown}
 x - 3 scrolls of identify {unknown}
 y - a scroll of enchant armour {unknown}
 D - a scroll of immolation {unknown}
 E - 2 scrolls of fear {unknown}
 G - a scroll of random uselessness {unknown}
Potions
 f - 4 potions of berserk rage {unknown}
 g - 3 potions of might {unknown}
 h - 2 potions of degeneration {unknown}
 i - 3 potions of brilliance {unknown}
 l - a potion of ambrosia {unknown}
 o - a potion of haste {unknown}
 r - 4 potions of flight {unknown}
 s - a potion of cancellation {unknown}
 u - a potion of heal wounds {unknown}
 z - a potion of agility {unknown}
 C - a potion of magic {unknown}
 F - a potion of curing {unknown}
 H - a potion of mutation {unknown}
Comestibles
 c - 11 rations


   Skills:
 - Level 5.3 Fighting
 + Level 9.3 Maces & Flails
 - Level 4.6 Armour
 - Level 4.1 Dodging
 - Level 4.0 Shields


You had 7 spell levels left.
You didn't know any spells.
Your spell library was empty.

Dungeon Overview and Level Annotations

Branches:
Dungeon (7/15)             Temple (1/1) D:4

Altars:
Ashenzari
Cheibriados
Dithmenos
Elyvilon
Fedhas
Gozag
Hepliaklqana
Makhleb
Nemelex Xobeh
Okawaru
Qazlal
Ru
Sif Muna
Trog
Uskayaw
Vehumet
Wu Jian
Xom
Yredelemnul
Zin
The Shining One

Shops:
D:4 *


Innate Abilities, Weirdness & Mutations

You reflexively headbutt those who attack you in melee.
You have a pair of horns on your head.


Message History

You closely miss the sky beast.
The sky beast is heavily wounded.
The sky beast flickers out of sight!
Deactivating autopickup; reactivate with Ctrl-A.
Something hits you.
* * * LOW HITPOINT WARNING * * *
Something shocks you.
* * * LOW HITPOINT WARNING * * *
You barely miss something. You hit something. Your headbutt misses something.
Something hits you.
* * * LOW HITPOINT WARNING * * *
Something shocks you.
* * * LOW HITPOINT WARNING * * *
You hit something but do no damage. You headbutt something.
A sky beast appears from thin air!
Reactivating autopickup.
The sky beast hits you.
* * * LOW HITPOINT WARNING * * *
The sky beast shocks you.
You die...

#.##.##...# #. #.
#...# #.<.# #...#
#...#
#.##...#######.. #
#..................
######...#####..#
.........Y@†...#
#######.######.#
#.# #.# #.# #.# #.#
#.


You could see a sky beast.

Vanquished Creatures
  A sky beast (D:7)
  An ogre (D:4)
  A phantom (D:6)
  2 centaurs
  Blork the orc (D:5)
  A bullfrog (D:6)
  2 scorpions
  A jelly (D:7)
  3 hounds
  An iguana (D:5)
  7 worker ants
  An orc wizard (D:4)
  A hound skeleton (D:4)
  8 adders
  2 shadow imps (D:6)
  An ooze (D:2)
  An adder skeleton (D:4)
  A worm (D:2)
  3 dart slugs
  3 leopard geckos
  9 orcs
  3 giant cockroaches
  9 hobgoblins
  11 jackals
  2 quokkas
  A ball python (D:2)
  2 bats (D:3)
  4 frilled lizards
  7 goblins
  A jackal skeleton (D:4)
  6 kobolds
  16 rats
113 creatures vanquished.

Notes
Turn   | Place    | Note
-------+----------+-------------------------------------------
     0 | D:1      | gmonis the Minotaur Berserker began the quest for the Orb.
     0 | D:1      | Reached XP level 1. HP: 19/19 MP: 0/0
   232 | D:1      | Reached XP level 2. HP: 27/27 MP: 1/1
   369 | D:1      | Reached skill level 4 in Maces & Flails
   834 | D:2      | Reached ** piety under Trog
  1043 | D:2      | Reached XP level 3. HP: 32/33 MP: 2/2
  1546 | D:2      | Reached XP level 4. HP: 11/40 MP: 3/3
  2689 | D:3      | Reached skill level 5 in Maces & Flails
  2897 | D:4      | Noticed a centaur
  2962 | D:4      | Reached *** piety under Trog
  2962 | D:4      | Reached XP level 5. HP: 9/47 MP: 4/4
  3468 | D:4      | Noticed an ogre
  3473 | D:4      | Killed an ogre
  3473 | D:4      | Reached XP level 6. HP: 55/55 MP: 5/5
  3508 | D:4      | Reached skill level 6 in Maces & Flails
  3663 | D:4      | Found Cuzaug Ifa's Assorted Antiques.
  3735 | D:4      | Reached skill level 5 in Fighting
  4110 | D:4      | Found a staircase to the Ecumenical Temple.
  4139 | Temple   | Entered the Ecumenical Temple
  4359 | D:5      | Entered Level 5 of the Dungeon
  4452 | D:5      | Reached XP level 7. HP: 61/61 MP: 6/6
  4462 | D:5      | Noticed Blork the orc
  4467 | D:5      | Reached skill level 1 in Shields
  4469 | D:5      | Killed Blork the orc
  4469 | D:5      | Reached skill level 7 in Maces & Flails
  5246 | D:6      | Found a hide-covered altar of Uskayaw.
  5246 | D:6      | Found a glowing silver altar of Zin.
  5246 | D:6      | Found a sacrificial altar of Ru.
  5246 | D:6      | Found a stormy altar of Qazlal.
  5254 | D:6      | Found a bloodstained altar of Trog.
  5254 | D:6      | Found a white marble altar of Elyvilon.
  5405 | D:6      | Reached skill level 8 in Maces & Flails
  5423 | D:6      | Reached XP level 8. HP: 35/68 MP: 7/7
  5922 | D:6      | Upgraded the game from 0.22-a0-601-gb0ed703 to 0.22-a0-603-gfc1114d
  6040 | D:7      | Reached skill level 9 in Maces & Flails
  6056 | D:7      | HP: 5/102 [sky beast (1)]
  6056 | D:7      | Slain by a sky beast

Vault maps used:
D:1:      minmay_arrival_stone_box, minmay_rat_gold_closets
D:2:      first_ration
D:4:      minmay_temple_entry_mist, serial_shops, nicolae_shop_trees
D:5:      grunt_ministairs_7, uniq_blork_the_orc
D:6:      minmay_overflow_temple_hex
D:7:      gammafunk_ghost_split, grunt_livestock
Temple:   eino_wide_crystal_templ

Skill      XL: |  1  2  3  4  5  6  7  8 |
---------------+-------------------------+-----
Maces & Flails | 4 5 6 8 9 |  9.3
Fighting       | 4 5 |  5.3
Armour         | 3 4 |  4.6
Dodging        | 3 4 |  4.1
Shields        | 4 |  4.0

Action                   |  1- 3 |  4- 6 |  7- 9 || total
-------------------------+-------+-------+-------++-------
Melee: Mace              |    73 |   130 |    95 ||   298
       Headbutt          |     9 |    20 |    16 ||    45
Invok: Berserk           |       |     1 |     2 ||     3
       Trog's Hand       |       |     1 |       ||     1
 Stab: Sleeping          |     1 |       |       ||     1
  Eat: Chunk             |     1 |    11 |     4 ||    16
       Ration            |       |       |     1 ||     1
Armor: Animal skin       |     9 |    14 |     5 ||    28
Dodge: Dodged            |    35 |   107 |    52 ||   194
Block: Buckler           |       |       |    20 ||    20

Table legend:
 A = Spawn XP
 B = Non-spawn XP
 C = Spawn XP percentage of total XP
 D = Spawn monster count
 E = Non-spawn monster count
 F = Spawn count percentage of total count
 G = Total turns spent on level
                    A         B        C        D         E        F      G
               +---------+---------+-------+---------+---------+-------+---------
         Total |       0 |    1721 |   0.0 |       0 |     113 |   0.0 |  6056
               +---------+---------+-------+---------+---------+-------+---------
           D:1 |       0 |      31 |   0.0 |       0 |      22 |   0.0 |   821
           D:2 |       0 |      72 |   0.0 |       0 |      18 |   0.0 |  1179
           D:3 |       0 |      69 |   0.0 |       0 |      25 |   0.0 |   927
           D:4 |       0 |     511 |   0.0 |       0 |      22 |   0.0 |  1380
           D:5 |       0 |     380 |   0.0 |       0 |      15 |   0.0 |   742
           D:6 |       0 |     423 |   0.0 |       0 |       7 |   0.0 |   834
           D:7 |       0 |     235 |   0.0 |       0 |       4 |   0.0 |   121
               +---------+---------+-------+---------+---------+-------+---------
